 Dungeon Crawl Stone Soup version 0.28.0-43-g3370ac3207 (webtiles) character file.

Game seed: 12176505457133805064

4 pkoi the Conjurer (level 1, -1/14 HPs)
             Began as a Draconian Conjurer on Mar 1, 2022.
             Slain by a frilled lizard (3 damage)
             ... on level 1 of the Dungeon.
             The game lasted 00:00:09 (73 turns).

pkoi the Conjurer (Draconian Conjurer)                Turns: 73, Time: 00:00:10

Health: -1/14      AC:  4    Str:  9    XL:     1   Next: 58%
Magic:  0/3        EV: 12    Int: 18    God:
Gold:   0          SH:  0    Dex:  9    Spells: 3/4 levels left

rFire   . . .      SeeInvis .   (no weapon)
rCold   . . .      Faith    .   (no shield)
rNeg    . . .      Spirit   .   (armour unavailable)
rPois   .          Reflect  .   (helmet restricted)
rElec   .          Harm     .   (no cloak)
rCorr   .          Rampage  .   (no gloves)
Will    .....                   (no boots)
Stlth   ++........              (no amulet)
HPRegen 0.04/turn               (no ring)
MPRegen 0.08/turn               (no ring)

@: no status effects
A: AC +4, unfitting armour, cold-blooded
a: no special abilities


You were on level 1 of the Dungeon.
You visited 1 branch of the dungeon, and saw 1 of its levels.

You aren't carrying anything.


   Skills:
 - Level 1.7 Dodging
 - Level 1.7 Stealth
 - Level 2.0 Spellcasting
 + Level 4.2 Conjurations


You had 3 spell levels left.
You knew the following spells:

 Your Spells              Type           Power      Damage    Failure   Level
a - Magic Dart            Conj           68%        1d6       3%          1

Your spell library contained the following spells:

 Spells                   Type           Power      Damage    Failure   Level
 Searing Ray              Conj           34%        2d5       4%          2
 Dazzling Flash           Conj/Hex       18%        N/A       22%         3
 Fulminant Prism          Conj/Hex       4%         3d6       58%         4
 Iskenderun's Mystic Bla  Conj/Tloc      9%         2d4       58%         4


Dungeon Overview and Level Annotations

Branches:
Dungeon (1/15)

Altars:


Innate Abilities, Weirdness & Mutations

Your plain brown scales are hard. (AC +4)
You cannot fit into any form of body armour.
You are cold-blooded and may be slowed by cold attacks.


Message History

You closely miss the quokka.
The quokka is moderately wounded.
The quokka barely misses you.
You hit the quokka but do no damage.
The quokka is moderately wounded.
The quokka barely misses you.
You hit the quokka but do no damage.
Your tail-slap misses the quokka.
The quokka is moderately wounded.
The quokka bites you but does no damage.
You barely miss the quokka.
The quokka is moderately wounded.
The quokka bites you.
* * * LOW HITPOINT WARNING * * *
The quokka closely misses you.
You hit the quokka but do no damage.
The quokka bites you but does no damage.
You barely miss the quokka. The quokka barely misses you.
You hit the quokka.
Your tail-slap misses the quokka.
The quokka is moderately wounded.
The quokka bites you but does no damage.
You hit the quokka.
The quokka is heavily wounded.
The quokka closely misses you.
You hit the quokka but do no damage.
The quokka is heavily wounded.
The quokka bites you but does no damage.
The quokka closely misses you.
Aiming: Magic Dart (safe; 3% risk of failure)
Press: ? - help, Q - select action Shift-Dir - straight line, f/p - quokka
Aim: a quokka (heavily wounded, 100% to hit)
The magic dart hits the quokka.
You kill the quokka!
Unknown command.
You miss the frilled lizard. The frilled lizard bites you.
* * * LOW HITPOINT WARNING * * *
You closely miss the frilled lizard.
Your tail-slap misses the frilled lizard.
The frilled lizard bites you but does no damage.
You closely miss the frilled lizard. The frilled lizard bites you.
You die...

#O#.#f# ###.###
#n#.#p# ###.###
#h#.#i# ###.###
#T#.#d# ###.###
#.#@#9# ###l###
#.#
........†...#
##.............
#......##.#.###
##.#### .# # #
.# #


You could see a gargoyle and a frilled lizard.

Vanquished Creatures
  A hobgoblin (D:1)
  2 quokkas (D:1)
  A ball python (D:1)
4 creatures vanquished.

Notes
Turn   | Place    | Note
-------+----------+-------------------------------------------
     0 | D:1      | pkoi the Draconian Conjurer began the quest for the Orb.
     0 | D:1      | Reached XP level 1. HP: 14/14 MP: 3/3
     2 | D:1      | Noticed a formicid
     2 | D:1      | Noticed a vampire
     4 | D:1      | Noticed an elf
     4 | D:1      | Noticed a tengu
     6 | D:1      | Noticed a merfolk
    10 | D:1      | Noticed a minotaur
    12 | D:1      | Noticed an octopode
    12 | D:1      | Noticed a demigod
    14 | D:1      | Noticed a naga
    14 | D:1      | Noticed a dwarf
    16 | D:1      | Noticed a demonspawn
    18 | D:1      | Noticed an ogre
    18 | D:1      | Noticed a vine stalker
    20 | D:1      | Noticed a ghoul
    20 | D:1      | Noticed a human
    22 | D:1      | Noticed a felid
    22 | D:1      | Noticed a spriggan
    24 | D:1      | Noticed a troll
    24 | D:1      | Noticed a draconian
    26 | D:1      | Noticed a gargoyle
    73 | D:1      | Slain by a frilled lizard

Illustrated notes

Levels and vault maps discovered:
D:1:      kb_arrival_jail, layout_loops_ring

Action                   || total
-------------------------++-------
Melee: Unarmed           ||    35
       Tailslap          ||     1
 Cast: Magic Dart        ||     6
Armor: Skin              ||    12
Dodge: Dodged            ||    23
